 Dungeon Crawl Stone Soup version 0.28.0 (webtiles) character file.

Game seed: 294554770865527481

21 bunbun39 the Magician (level 2, -1/15 HPs)
             Began as a Deep Elf Earth Elementalist on Feb 8, 2022.
             Was a Follower of Kikubaaqudgha.
             Slain by Terence (3 damage)
             ... on level 2 of the Dungeon.
             The game lasted 00:11:37 (1069 turns).

bunbun39 the Magician (Deep Elf Earth Elementalist) Turns: 1069, Time: 00:11:41

Health: -1/15      AC:  3    Str:  5    XL:     2   Next: 62%
Magic:  4/8        EV: 13    Int: 19    God:    Kikubaaqudgha [*.....]
Gold:   0          SH:  0    Dex: 15    Spells: 5/8 levels left

rFire   . . .      SeeInvis .   o - +0 dagger
rCold   . . .      Faith    .   (no shield)
rNeg    . . .      Spirit   .   b - +0 robe
rPois   .          Reflect  .   (no helmet)
rElec   .          Harm     .   (no cloak)
rCorr   .          Rampage  .   g - +0 pair of gloves
Will    .....                   (no boots)
Stlth   ++........              (no amulet)
HPRegen 0.05/turn               (no ring)
MPRegen 0.11/turn               (no ring)

@: no status effects
A: no striking features
a: Renounce Religion, Receive Corpses


You were on level 2 of the Dungeon.
You worshipped Kikubaaqudgha.
Kikubaaqudgha was aware of your devotion.
You visited 1 branch of the dungeon, and saw 2 of its levels.

Inventory:

Hand Weapons
 k - a +0 mace
 m - a +0 spear
 o - a +0 dagger (weapon)
Missiles
 c - 57 stones
 f - 14 arrows
Armour
 b - a +0 robe (worn)
 d - a +0 scale mail
 g - a +0 pair of gloves (worn)
 l - a +0 ring mail
Scrolls
 a - a scroll of blinking {unknown}
 e - 2 scrolls of identify {unknown}
 j - a scroll of summoning {unknown}
 n - a scroll of vulnerability {unknown}
Potions
 h - a potion of might {unknown}
 i - a potion of haste {unknown}


   Skills:
 + Level 2.7 Dodging
 + Level 2.4 Stealth
 + Level 3.8 Spellcasting
 * Level 0.4 Necromancy
 + Level 1.1 Transmutations
 + Level 3.5 Earth Magic


You had 5 spell levels left.
You knew the following spells:

 Your Spells              Type           Power      Damage    Failure   Level
a - Sandblast             Erth           34%        2d9       3%          1
b - Animate Skeleton      Necr           10%        N/A       12%         1
c - Pain                  Necr           20%        1d5       12%         1

Your spell library contained the following spells:

 Spells                   Type           Power      Damage    Failure   Level
 Passwall                 Tmut/Erth      10%        N/A       9%          2
 Sublimation of Blood     Necr           5%         N/A       19%         2
 Stone Arrow              Conj/Erth      20%        3d8       21%         3
 Static Discharge         Conj/Air       3%         N/A       22%         2
 Petrify                  Tmut/Erth      12%        N/A       47%         4
 Dispel Undead            Necr           5%         3d7       75%         4
 Sticky Flame             Conj/Fire      3%         2d3       80%         4
 Agony                    Necr           5%         N/A       97%         5


Dungeon Overview and Level Annotations

Branches:
Dungeon (2/15)

Altars:
Kikubaaqudgha

Annotations:
D:2 Terence


Message History

Found a scroll labelled YNIB SUNNURA.
You open the door.
Found 30 stones.
Terence the Incautious comes into view.
He is wielding a +0 mace.
There is an open door here.
o - a +0 dagger (weapon)
Terence shouts!
Terence says, "Did you write a will?
You should..."
Terence hits you with a +0 mace!
You see here 30 stones.
Casting: Sandblast (safe; 3% risk of failure)
Confirm with . or Enter, or press ? or * to list all spells.
Aiming: Sandblast (safe; 3% risk of failure)
Press: ? - help, Shift-Dir - straight line, f - Terence
Aim: Terence, wielding a +0 mace and wearing a +0 ring mail (82% to hit)
The blast of sand hits Terence.
Terence is lightly wounded.
Terence hits you with a +0 mace.
Casting: Sandblast (safe; 3% risk of failure)
Confirm with . or Enter, or press ? or * to list all spells.
Aiming: Pain (safe; 12% risk of failure)
Press: ? - help, Shift-Dir - straight line, f/p - Terence
Aim: Terence, wielding a +0 mace and wearing a +0 ring mail (lightly wounded, chance to affect: 59%) Terence resists with significant effort.
Terence closely misses you.
Casting: Pain (safe; 12% risk of failure)
Confirm with . or Enter, or press ? or * to list all spells.
Aiming: Pain (safe; 12% risk of failure)
Press: ? - help, Shift-Dir - straight line, f/p - Terence
Aim: Terence, wielding a +0 mace and wearing a +0 ring mail (lightly wounded, chance to affect: 59%) Terence resists with significant effort.
Terence barely misses you.
Casting: Pain (safe; 12% risk of failure)
Confirm with . or Enter, or press ? or * to list all spells.
Aiming: Pain (safe; 12% risk of failure)
Press: ? - help, Shift-Dir - straight line, f/p - Terence
Aim: Terence, wielding a +0 mace and wearing a +0 ring mail (lightly wounded, chance to affect: 59%) Terence writhes in agony.
Terence hits you with a +0 mace.
You die...
Kikubaaqudgha rasps: "You have failed me!
Welcome... death!"

#.##### #.....#
......####
#.###....#
#...###..#
####..####
###..###########
# ###..#......@#
##.'..≈≈≈@.+ #
#..#.......# #
#..########### .
#..## # .?# #


You could see Terence.

Vanquished Creatures
  A gnoll (D:1)
  2 ball pythons (D:1)
  2 endoplasms
  2 hobgoblins (D:1)
  3 bats (D:1)
  A rat (D:1)
11 creatures vanquished.

Notes
Turn   | Place    | Note
-------+----------+-------------------------------------------
     0 | D:1      | bunbun39 the Deep Elf Earth Elementalist began the quest
                  | for the Orb.
     0 | D:1      | Reached XP level 1. HP: 10/10 MP: 6/6
    80 | D:1      | Found a faded altar of an unknown god.
    98 | D:1      | Prayed at the altar of an unknown god.
    98 | D:1      | Became a worshipper of Kikubaaqudgha
    98 | D:1      | Reached * piety under Kikubaaqudgha
    98 | D:1      | Received a gift from Kikubaaqudgha
   151 | D:1      | Learned a level 1 spell: Animate Skeleton
   202 | D:1      | Learned a level 1 spell: Pain
   455 | D:1      | Reached XP level 2. HP: 8/15 MP: 2/8
  1058 | D:2      | Noticed Terence
  1069 | D:2      | Slain by Terence

Illustrated notes

Levels and vault maps discovered:
D:1:      mainiacjoe_arrival_reflecting_pool, layout_basic,
          hellmonk_ecumenical_altar_crossroads
D:2:      layout_basic, serial_shops, shop, grunt_decor_clamped,
          minmay_misc_feat_x, uniq_terence

Action                   || total
-------------------------++-------
Melee: Unarmed           ||     2
 Cast: Sandblast         ||    14
       Pain              ||     6
       Animate Skeleton  ||     5
Armor: Robe              ||     5
Dodge: Dodged            ||    10
